 Dungeon Crawl Stone Soup version 0.30-a0-748-ge6a52f7cba (webtiles) character file.

Game seed: 4970510253068818544

18439 cforsyth the Convoker (level 12, 0/109 HPs)
             Began as a Tengu Summoner on Feb 9, 2023.
             Was an Initiate of Gozag.
             Killed from afar by a gargoyle (12 damage)
             ... with a stone arrow
             ... on level 12 of the Dungeon.
             The game lasted 00:41:07 (14577 turns).

cforsyth the Convoker (Tengu Summoner)             Turns: 14577, Time: 00:41:08

Health: 0/109      AC: 26    Str: 14    XL:     12   Next: 58%
Magic:  35/37      EV:  2    Int: 25    God:    Gozag
Gold:   2297       SH:  0    Dex: 14    Spells: 4/33 levels left

rFire   . . .      SeeInvis .    r - +4 spear of Giyroero {flame, rN+ Str+3 Stlth+}
rCold   . . .      Faith    .    (no shield)
rNeg    + . .      Spirit   .    (body armour currently unavailable)
rPois   +          Reflect  .    (helmet currently unavailable)
rElec   .          Harm     .    (cloak currently unavailable)
rCorr   .          Rampage  .    (gloves currently unavailable)
Will    .....      NoTele   +    (boots unavailable)
Stlth   ++                       p - amulet of regeneration
HPRegen 1.18/turn                s - ring of magical power
MPRegen 0.25/turn                B - +6 ring of intelligence

@: confused, brilliant, tree-form (expiring), ambrosia-drunk, gold aura
A: stationary, stasis, torment immunity, boosted hp, (beak), (talons 3), nimble
flight
a: Renounce Religion, Potion Petition, Call Merchant, Bribe Branch


You were on level 12 of the Dungeon.
You worshipped Gozag.
Gozag was most pleased with you.
You were a tree.
You visited 1 branch of the dungeon, and saw 12 of its levels.

You collected 2356 gold pieces.
You paid 59 gold pieces to Gozag.

Inventory:

Hand Weapons
 r - the +4 spear of Giyroero (weapon) {flame, rN+ Str+3 Stlth+}
   (You took it off a hobgoblin on level 4 of the Dungeon)

   Str:       It affects your strength (+3).
   rN:        It protects you from negative energy.
   Stlth:     It makes you more stealthy.
Missiles
 a - a throwing net
Armour
 d - a +0 robe of fire resistance
 o - a +0 cloak
 H - a scarf of repulsion (melded)
 K - a +0 robe of the Archmagi (melded)
 L - a +2 robe of cold resistance
Jewellery
 h - a ring of ice
 p - an amulet of regeneration (around neck)
 s - a ring of magical power (left branch)
 t - an amulet of magic regeneration
 u - a ring of ice
 B - a +6 ring of intelligence (right branch)
 G - the ring of the Echidna {rPois rN+ Slay+5}
   (You found it on level 8 of the Dungeon)

   [ring of poison resistance]

   Slay:      It affects your accuracy & damage with ranged weapons and melee
   (+5).
   rPois:     It protects you from poison.
   rN:        It protects you from negative energy.
Wands
 C - a wand of polymorph (9)
 F - a wand of paralysis (2)
 I - a wand of iceblast (5)
 M - a wand of light (6)
Scrolls
 f - 3 scrolls of teleportation
 i - a scroll of silence
 j - a scroll of fog {unknown}
 l - a scroll of poison
 m - 2 scrolls of magic mapping
 q - 3 scrolls of enchant armour
 v - a scroll of amnesia
 x - a scroll of immolation
 J - a scroll of vulnerability {unknown}
Potions
 b - 3 potions of magic
 c - 2 potions of invisibility
 k - a potion of degeneration {unknown}
 n - a potion of brilliance
 w - 7 potions of lignification
 z - a potion of ambrosia
 D - 3 potions of attraction
 E - 2 potions of might {unknown}
 N - a potion of berserk rage {unknown}


   Skills:
 + Level 8.0 Fighting
 + Level 9.1 Dodging
 - Level 2.0 Stealth
 - Level 11.3 Spellcasting
 - Level 15.0 Summonings


You had 4 spell levels left.
You knew the following spells:

 Your Spells              Type           Power      Damage    Failure   Level
a - Summon Small Mammal   Summ           100%       N/A       0%          1
b - Call Imp              Summ           93%        N/A       0%          2
c - Call Canine Familiar  Summ           93%        N/A       1%          3
d - Summon Guardian Gole  Hex/Summ       67%        N/A       1%          3
e - Summon Lightning Spi  Summ/Air       67%        N/A       1%          4
f - Summon Forest         Summ/Tloc      33%        N/A       5%          5
g - Summon Cactus Giant   Summ           46%        N/A       1%          6
h - Summon Mana Viper     Hex/Summ       67%        N/A       5%          5

Your spell library contained the following spells:

 Spells                   Type           Power      Damage    Failure   Level
 Blink                    Tloc           42%        N/A       6%          2
 Lesser Beckoning         Tloc           42%        N/A       6%          2
 Momentum Strike          Conj/Tloc      42%        3d9       6%          2
 Ignite Poison            Fire/Tmut/Pois 21%        N/A       13%         3
 Inner Flame              Hex/Fire       21%        N/A       13%         3
 Kindle Blastsparks       Fire/Tloc/Air  42%        2d13      13%         3
 Cause Fear               Hex            10%        N/A       38%         4
 Leda's Liquefaction      Hex/Erth       10%        N/A       38%         4
 Freezing Cloud           Conj/Ice/Air   10%        6-21      75%         5
 Lee's Rapid Deconstruct  Erth           10%        3d8*      75%         5
 Statue Form              Tmut/Erth      14%        N/A       100%        6
 Discord                  Hex            10%        N/A       100%        8


Dungeon Overview and Level Annotations

Branches:
Dungeon (12/15)            Temple (0/1) D:5            Lair (0/5) D:9
    Orc (0/2) D:10

Altars:
Cheibriados
Elyvilon
Fedhas
Gozag
Hepliaklqana
Kikubaaqudgha
Makhleb
Qazlal
Ru
Sif Muna
Trog
Uskayaw
Vehumet
Wu Jian
Xom
Yredelemnul
The Shining One

Shops:
D:8 *   D:11 *

Annotations:
D:11 3 runed translucent doors, Figarinn's ghost, journeyman OpWn; Netz's ghost, journeyman DsFi
D:12 Lodul


Innate Abilities, Weirdness & Mutations

You are a tree.
Your roots penetrate the ground, keeping you stationary.
You cannot be teleported.
You are immune to unholy pain and torment.
Your maximum health is greatly increased.
Your equipment is partially melded.
((You have a beak for a mouth.))
((You have claws for feet.))
Your magical nature lets you fly swiftly and evasively.


Message History

The gargoyle hurls a stone arrow at you.
The stone arrow hits you!
* * * LOW HITPOINT WARNING * * *
Okay, then.
Okay, then.
Unknown command.
Okay, then.
Unknown command.
As you read the scroll labelled WUPOKH VUTE, it crumbles to dust.
You assume a fearsome visage.
Lodul looks frightened!
The ogre looks frightened! x2; The gargoyle is unaffected.
It was a scroll of fear.
Your quokka bites the gargoyle but does no damage.
Your warg barely misses the gargoyle.
The gargoyle hurls a stone arrow at you.
The stone arrow hits you.
* * * LOW HITPOINT WARNING * * *
It was a potion of ambrosia.
You are confused.
You feel invigorated.
Your quokka barely misses the gargoyle.
Your warg bites the gargoyle but does no damage.
The gargoyle hits you with a +0 morningstar.
* * * LOW HITPOINT WARNING * * *
Your quokka bites the gargoyle but does no damage.
Your transformation is almost over.
Your warg bites the gargoyle but does no damage.
Your warg bites the gargoyle!
Your quokka bites the gargoyle but does no damage.
The gargoyle hits you with a +0 morningstar!
* * * LOW HITPOINT WARNING * * *
Your warg bites the gargoyle but does no damage.
Your quokka bites the gargoyle but does no damage.
The gargoyle hits you with a +0 morningstar.
* * * LOW HITPOINT WARNING * * *
Your warg barely misses the gargoyle.
Your quokka barely misses the gargoyle.
The ogre is distracted by your dazzling golden aura.
The gargoyle hurls a stone arrow at you.
The stone arrow hits you!
You die...
Your body crumbles into a pile of gold.

############### $
........#.......#
................#
........#<#
!.......#.#
#......[..#
.......$..#
......rh.☼##...
..>...9♣$§.O..O
.##..##..###$..
#.. #..# #. #..#
#..# #..# #..O..
.# ...# .OO.# #.
# #... ....... ..
#.O.#.#.#


You could see a gargoyle (ally target), 2 ogres, a friendly warg (summoned) and
a friendly quokka (summoned).

Vanquished Creatures
  2 sun demons (D:9)
  A gargoyle (D:11)
  2 shadows (D:10)
  2 vampire mosquitoes (D:12)
  An acid dragon (D:12)
  A water moccasin (D:5)
  An ogre (D:11)
  A centaur (D:7)
  A phantom (D:5)
  A wight (D:9)
  A killer bee (D:10)
  An orc priest (D:11)
  An iguana (D:5)
  An orc wizard (D:3)
  An adder (D:4)
  3 orcs
  2 endoplasms
  A goblin (D:1)
  A frilled lizard (D:1)
25 creatures vanquished.

Vanquished Creatures (collateral kills)
  2 two-headed ogres (D:10)
  A soul eater (D:9)
  Pikel (D:7)
  A rust devil (D:9)
  A centaur zombie (D:10)
  An unseen horror zombie (D:10)
  A tengu conjurer (D:10)
  A red devil (D:9)
  3 trolls
  A hellwing (D:9)
  A meliai zombie (D:10)
  2 shadows (D:10)
  A vampire (D:10)
  5 yaks (D:10)
  5 vampire mosquitoes
  Duvessa (D:4)
  2 acid dragons
  6 orc warriors
  Pargi (D:3)
  3 ice beasts
  3 black bears
  A sky beast (D:7)
  3 ogres (D:12)
  4 centaurs
  3 kobold brigands
  A gnoll sergeant (D:7)
  4 bullfrogs
  A scorpion (D:6)
  3 wights
  Dowan (D:4)
  A killer bee (D:10)
  A howler monkey (D:10)
  A jelly (D:4)
  Crazy Yiuf (D:7)
  A hound (D:5)
  2 gnoll boudas
  8 orc priests
  3 iguanas
  Natasha (D:3)
  11 orc wizards
  A hell rat (D:9)
  A statue (D:7)
  19 gnolls
  A river rat (D:9)
  10 adders
  A white imp (D:7)
  An ufetubus (D:6)
  3 worms
  2 dart slugs
  37 orcs
  4 ball pythons
  4 endoplasms
  3 giant cockroaches
  5 goblins
  8 hobgoblins
  8 jackals
  15 kobolds
  7 quokkas
  6 bats
  5 frilled lizards
  7 rats
242 creatures vanquished.

Vanquished Creatures (others)
  Fannar (D:10)
  3 death yaks (D:9)
  A sixfirhy (D:9)
  A wizard (D:8)
  A gargoyle (D:10)
  A hornet (D:10)
  A vampire (D:10)
  A wraith (D:10)
  2 shadows (D:10)
  A chaos spawn (D:9)
  A steam dragon (D:8)
  Menkaure (D:5)
  2 orc warriors
  2 black bears
  A sky beast (D:8)
  An ice beast (D:5)
  A centaur (D:10)
  2 gnoll sergeants (D:11)
  A wight (D:9)
  A killer bee (D:5)
  A jelly (D:5)
  2 orc wizards
  8 gnolls
  2 orcs (D:9)
  A quokka (D:9)
  2 kobolds (D:8)
  A rat (D:9)
  3 demonic plants (D:9)
  6 withered plants (D:10)
52 creatures vanquished.

Grand Total: 319 creatures vanquished

Notes
Turn   | Place    | Note
-------+----------+-------------------------------------------
     0 | D:1      | cforsyth the Tengu Summoner began the quest for the Orb.
     0 | D:1      | Reached XP level 1. HP: 10/10 MP: 4/4
   230 | D:1      | Reached skill level 5 in Summonings
   256 | D:1      | Reached XP level 2. HP: 13/15 MP: 1/6
   264 | D:1      | Learned a level 2 spell: Call Imp
   373 | D:1      | Found a faded altar of an unknown god.
   865 | D:1      | Reached XP level 3. HP: 10/19 MP: 1/7
   869 | D:1      | Learned a level 3 spell: Call Canine Familiar
  1494 | D:2      | Found a sacrificial altar of Ru.
  2378 | D:2      | Reached XP level 4. HP: 24/24 MP: 5/9
  2522 | D:3      | Reached skill level 6 in Summonings
  2664 | D:3      | Found a shimmering blue altar of Sif Muna.
  2807 | D:3      | Noticed Pargi
  2825 | D:3      | Killed Pargi
  2826 | D:3      | Gained mutation: Your magical nature lets you fly swiftly
                  | and evasively. [Tengu growth]
  2826 | D:3      | Reached XP level 5. HP: 28/28 MP: 1/12
  3225 | D:3      | Noticed Natasha
  3240 | D:3      | Killed Natasha
  3241 | D:3      | Reached skill level 7 in Summonings
  3241 | D:3      | Reached XP level 6. HP: 32/32 MP: 13/13
  3303 | D:3      | Found a hazy altar of Hepliaklqana.
  4068 | D:4      | Found an opulent altar of Gozag.
  4081 | D:4      | Became a worshipper of Gozag Ym Sagoz the Greedy
  4356 | D:4      | Noticed Duvessa
  4401 | D:4      | Reached XP level 7. HP: 36/36 MP: 13/15
  4426 | D:4      | Killed Duvessa
  4427 | D:4      | Reached skill level 5 in Spellcasting
  4427 | D:4      | Reached skill level 8 in Summonings
  4442 | D:4      | Identified the +4 spear of Giyroero {flame, rN+ Str+3
                  | Stlth+}
  4443 | D:4      | Noticed Dowan
  4463 | D:4      | Killed Dowan
  4754 | D:4      | Learned a level 3 spell: Summon Guardian Golem
  5321 | D:5      | Entered Level 5 of the Dungeon
  5414 | D:5      | Reached skill level 9 in Summonings
  5414 | D:5      | Reached XP level 8. HP: 41/41 MP: 17/18
  5662 | D:5      | Learned a level 4 spell: Summon Lightning Spire
  5697 | D:5      | Found a staircase to the Ecumenical Temple.
  5773 | D:5      | Noticed Menkaure
  5790 | D:5      | Killed Menkaure
  6027 | D:5      | Found a hide-covered altar of Uskayaw.
  6076 | D:5      | Reached skill level 10 in Summonings
  6385 | D:5      | Reached XP level 9. HP: 45/45 MP: 21/21
  6932 | D:6      | Found a blossoming altar of Fedhas.
  7042 | D:6      | Found a snail-covered altar of Cheibriados.
  7420 | D:6      | Found a white marble altar of Elyvilon.
  7734 | D:7      | Found a burning altar of Makhleb.
  7781 | D:7      | Reached skill level 11 in Summonings
  7809 | D:7      | Found a runed translucent door.
  7810 | D:7      | Noticed Crazy Yiuf
  7983 | D:7      | Noticed Pikel
  8001 | D:7      | Killed Pikel
  8002 | D:7      | Reached skill level 12 in Summonings
  8267 | D:7      | Found a radiant altar of Vehumet.
  8703 | D:7      | Killed Crazy Yiuf
  8804 | D:8      | Reached XP level 10. HP: 50/50 MP: 24/24
  8952 | D:8      | Found a bloodstained altar of Trog.
  8980 | D:8      | Identified the ring of the Echidna {rPois rN+ Slay+5}
  9124 | D:8      | Found a glowing golden altar of the Shining One.
  9126 | D:8      | Noticed an angel
  9138 | D:8      | Found a basalt altar of Yredelemnul.
  9140 | D:8      | Noticed a profane servitor
  9183 | D:8      | Noticed a wizard
  9187 | D:8      | Killed a wizard
  9263 | D:8      | Found Lesma's General Store.
  9379 | D:8      | Found an ornate altar of the Wu Jian Council.
  9484 | D:9      | Found a staircase to the Lair.
  9486 | D:9      | Noticed a death yak
  9487 | D:9      | Noticed a death yak
  9497 | D:9      | Noticed a death yak
  9516 | D:9      | Killed a death yak
  9517 | D:9      | Reached skill level 13 in Summonings
  9522 | D:9      | Killed a death yak
  9523 | D:9      | Reached skill level 10 in Spellcasting
  9528 | D:9      | Killed a death yak
  9698 | D:9      | Reached skill level 14 in Summonings
  9767 | D:9      | Found an ancient bone altar of Kikubaaqudgha.
  9900 | D:9      | Noticed a sixfirhy
  9911 | D:9      | Killed a sixfirhy
  9913 | D:9      | Noticed a sun demon
  9963 | D:9      | Reached XP level 11. HP: 54/54 MP: 5/26
  9975 | D:9      | Killed a sun demon
 10174 | D:9      | Noticed a sun demon
 10178 | D:9      | Killed a sun demon
 10201 | D:9      | Reached skill level 15 in Summonings
 10694 | D:9      | Reached skill level 1 in Fighting
 10993 | D:9      | Noticed a soul eater
 11009 | D:9      | Killed a soul eater
 12066 | D:10     | Entered Level 10 of the Dungeon
 12132 | D:10     | Reached skill level 5 in Dodging
 12341 | D:10     | Found a stormy altar of Qazlal.
 12397 | D:10     | Reached skill level 5 in Fighting
 12445 | D:10     | Found a shimmering altar of Xom.
 12480 | D:10     | Reached XP level 12. HP: 68/68 MP: 27/28
 12601 | D:10     | Noticed a two-headed ogre
 12608 | D:10     | Killed a two-headed ogre
 13001 | D:10     | Learned a level 5 spell: Summon Forest
 13008 | D:10     | Learned a level 6 spell: Summon Cactus Giant
 13014 | D:10     | Learned a level 5 spell: Summon Mana Viper
 13055 | D:10     | Found a staircase to the Orcish Mines.
 13108 | D:10     | Noticed Fannar
 13109 | D:10     | Noticed a two-headed ogre
 13119 | D:10     | Killed a two-headed ogre
 13140 | D:10     | Killed Fannar
 13764 | D:11     | Found Fuetwe's Assorted Antiques.
 13885 | D:11     | Found a runed translucent gate.
 13885 | D:11     | Found a runed translucent gate.
 13886 | D:11     | Found a runed translucent gate.
 13886 | D:11     | Noticed Figarinn's ghost (journeyman OpWn)
 13887 | D:11     | Noticed Netz's ghost (journeyman DsFi)
 14455 | D:12     | Noticed Lodul
 14572 | D:12     | HP: 5/109 [gargoyle/stone arrow (12)]
 14573 | D:12     | HP: 2/109 [gargoyle/stone arrow (4)]
 14577 | D:12     | Killed from afar by a gargoyle

Illustrated notes

Levels and vault maps discovered:
D:1:      nagdon_arrival_double_spiral, layout_basic,
          chequers_ecumenical_altar_simple_redux
D:2:      layout_basic, basic_altar, minmay_tetromino_t2
D:3:      minmay_recursive_quarters, layout_basic,
          lemuel_coloured_pillars_altar, mainiacjoe_overflow_cross_hatched,
          st_stairs_13, uniq_pargi, uniq_natasha
D:4:      layout_basic, grunt_gozag_statues, small_statue_intersection,
          uniq_duvessa
D:5:      minmay_general_purpose_star, layout_loops_ring, old_standard_altar,
          minmay_temple_entry_purple_smoke, uniq_menkaure
D:6:      layout_loops_cross, amcnicky_altar_gilded,
          mainiacjoe_overflow_chevrons, kennysheep_mini_moat
D:7:      layout_rooms, overflow_temple_1_default, vehumet_statue,
          uniq_crazy_yiuf_cottage, uniq_pikel
D:8:      layout_basic, grunt_temple_overflow_holy_war, trog_wizard,
          kennysheep_little_box, serial_shops, nicolae_shop_advertising_works
          [nicolae_subvault_shop_adworks]
D:9:      layout_basic, kiku_gazebo_garden_becter, dpeg_lair_monsters,
          serial_demonic, serial_demonic_b, serial_demonic_b, serial_demonic_c,
          serial_demonic_d
D:10:     layout_basic, xom_confusion_cloud, nicolae_qazlal_style_of_elements,
          orc_0_dummy, serial_undead, serial_undead_b, serial_undead_e,
          serial_undead_c, serial_undead_f, minivault_14,
          minmay_chambers_of_fives, uniq_fannar
D:11:     layout_roguey, serial_shops, shop, gammafunk_ghost_cemetery
D:12:     layout_loops_ring, ice2_lemuel, uniq_snorg, uniq_lodul

Skill      XL: |  1  2  3  4  5  6  7  8  9 10 11 12 |
---------------+-------------------------------------+-----
Summonings     | 5 6 7 9 10 12 14 15 | 15.0
Spellcasting   | 3 4 6 7 9 10 11 | 11.3
Fighting       | 5 8 |  8.0
Dodging        | 6 9 |  9.1
Stealth        | |  2.0

Action                     |  1- 3 |  4- 6 |  7- 9 | 10-12 || total
---------------------------+-------+-------+-------+-------++-------
  Melee: Unarmed           |    17 |    31 |     7 |       ||    55
         Kick              |     4 |     6 |    13 |    18 ||    41
         Peck              |     2 |     6 |     5 |    11 ||    24
         Punch             |       |     1 |       |       ||     1
         Spear             |       |       |    25 |    61 ||    86
   Cast: Summon Small Mamm |    28 |    20 |    58 |    42 ||   148
         Call Imp          |     9 |    11 |    26 |    22 ||    68
         Call Canine Famil |    13 |    31 |    34 |    56 ||   134
         Summon Guardian G |       |       |    12 |    42 ||    54
         Summon Lightning  |       |       |     2 |    27 ||    29
  Evoke: Wand              |       |       |       |     5 ||     5
    Use: Scroll            |       |     6 |     6 |     6 ||    18
         Potion            |       |       |       |     8 ||     8
   Stab: Sleeping          |       |       |     1 |       ||     1
         Distracted        |       |       |       |     2 ||     2
 Armour: Robe              |     6 |    14 |    12 |     9 ||    41
         Skin              |       |       |       |    48 ||    48
  Dodge: Dodged            |    30 |    50 |    61 |    84 ||   225
         Repelled          |       |       |       |     4 ||     4

Table legend: (Time is in decaauts)
 A = Elapsed time spent in this place.
 B = Non-inter-level travel time spent in this place.
 C = Inter-level travel time spent in this place.
 D = Time resting spent in this place.
 E = Time spent auto-exploring this place.
 F = Levels seen in this place.
 G = Mean time per level.
                   A        B        C        D        E       F      G
               +--------+--------+--------+--------+--------+-----+--------+
         Total |  14048 |  13588 |    460 |   1790 |   8606 |  12 | 1170.7 |
       Dungeon |  14048 |  13588 |    460 |   1790 |   8606 |  12 | 1170.7 |
               +--------+--------+--------+--------+--------+-----+--------+

Top non-repeatable levels by time:
     D:9: 2367 daAuts
    D:10: 1631 daAuts
     D:4: 1582 daAuts
     D:1: 1569 daAuts
     D:3: 1381 daAuts
     D:5: 1370 daAuts
     D:2: 994 daAuts
     D:7: 967 daAuts
     D:8: 786 daAuts
    D:11: 722 daAuts
     D:6: 624 daAuts
    D:12: 50 daAuts
